 Dungeon Crawl Stone Soup version 0.29-a0-317-gd16b76e6b1 (webtiles) character file.

Game seed: 14618693102236581987

397 jmlagarto the Digger (level 6, -5/48 HPs)
             Began as a Gargoyle Earth Elementalist on Mar 31, 2022.
             Killed from afar by an orc wizard (8 damage)
             ... with a puff of flame
             ... on level 4 of the Dungeon.
             The game lasted 00:06:43 (3875 turns).

jmlagarto the Digger (Gargoyle Earth Elementalist)  Turns: 3875, Time: 00:06:45

Health: -5/48      AC: 23    Str: 12    XL:     6   Next: 83%
Magic:  10/10      EV:  2    Int: 20    God:
Gold:   262        SH:  0    Dex: 10    Spells: 5/11 levels left

rFire   . . .      SeeInvis .   w - +9 mace of Dalleum {freeze, Int+3 Stlth+}
rCold   . . .      Faith    .   (no shield)
rNeg    + . .      Spirit   .   (body armour currently unavailable)
rPois   ∞          Reflect  .   (helmet currently unavailable)
rElec   .          Harm     .   (cloak currently unavailable)
rCorr   .          Rampage  .   (gloves currently unavailable)
Will    .....      NoTele   +   (boots currently unavailable)
Stlth   ++........              (no amulet)
HPRegen 0.16/turn               (no ring)
MPRegen 0.12/turn               (no ring)

@: confused, tree-form
A: stationary, stasis, torment immunity, boosted hp, sickness immunity, AC +4,
negative energy resistance 1, (electricity resistance), torment resistance 1,
petrification resistance
a: no special abilities


You were on level 4 of the Dungeon.
You were a tree.
You visited 1 branch of the dungeon, and saw 4 of its levels.

You collected 262 gold pieces.

Inventory:

Hand Weapons
 f - a +0 short sword
 w - the +9 mace of Dalleum (weapon) {freeze, Int+3 Stlth+}
   (You found it on level 2 of the Dungeon)

   It freezes those it strikes, dealing additional cold damage.
   It can also slow down cold-blooded creatures.
   Int:       It affects your intelligence (+3).
   Stlth:     It makes you more stealthy.
Missiles
 a - 105 stones
 n - 7 boomerangs
 v - 10 poisoned darts
Armour
 b - a +0 robe (melded)
 C - a +2 ring mail of poison resistance
Magical Staves
 E - a staff of conjuration
Jewellery
 r - a +4 ring of slaying
 s - a ring of protection from fire
Wands
 i - a wand of paralysis (7)
 D - a wand of digging (5)
Scrolls
 d - 2 scrolls of blinking {unknown}
 e - a scroll of enchant armour {unknown}
 h - a scroll of immolation {unknown}
 j - a scroll of noise
 k - 3 scrolls of teleportation
 l - 5 scrolls of identify
 p - 2 scrolls of summoning
 u - 2 scrolls of amnesia {unknown}
 x - 2 scrolls of fear {unknown}
 y - 2 scrolls of enchant weapon {unknown}
 z - 3 scrolls of fog
 B - a scroll of holy word {unknown}
Potions
 c - a potion of magic
 g - 2 potions of heal wounds {unknown}
 m - a potion of might {unknown}
 o - a potion of brilliance {unknown}
 q - 2 potions of curing {unknown}
 t - 2 potions of lignification
 A - a potion of attraction {unknown}


   Skills:
 + Level 2.0 Maces & Flails
 + Level 2.8 Dodging
 + Level 4.0 Stealth
 + Level 3.1 Spellcasting
 + Level 2.3 Transmutations
 + Level 4.9 Earth Magic


You had 5 spell levels left.
You knew the following spells:

 Your Spells              Type           Power      Damage    Failure   Level
a - Sandblast             Erth           44%        2d11      1%          1
b - Passwall              Tmut/Erth      14%        N/A       4%          2
c - Stone Arrow           Conj/Erth      24%        3d8       16%         3

Your spell library contained the following spells:

 Spells                   Type           Power      Damage    Failure   Level
 Petrify                  Tmut/Erth      17%        N/A       32%         4


Dungeon Overview and Level Annotations

Branches:
Dungeon (4/15)
 Temple: D:4-7

Altars:
The Shining One


Innate Abilities, Weirdness & Mutations

You are a tree.
Your roots penetrate the ground, keeping you stationary.
You cannot be teleported.
You are immune to unholy pain and torment.
Your maximum health is greatly increased.
Your equipment is partially melded.
You are immune to sickness and miasma.
((Your stone body is resilient. (AC +4)))
You are immune to poison.
You resist negative energy. (rN+)
((You are resistant to electric shocks. (rElec)))
You are resistant to unholy torment.
You are immune to petrification.


Message History

The orc wizard gestures wildly while chanting.
The orc wizard flickers and vanishes!
Deactivating autopickup; reactivate with Ctrl-A.
The orc wizard casts a spell at you.
You are more confused.
You completely miss something.
The orc wizard hits you but does no damage.
The orc hits you but does no damage. Something hits you but does no damage.
The orc closely misses you.
You hit the orc wizard. You freeze the orc wizard.
The orc wizard is moderately wounded.
The orc wizard barely misses you. The orc barely misses you.
Something hits you but does no damage. The orc hits you with a +0 dagger.
You closely miss the orc. The orc wizard casts a spell at you.
The puff of flame misses you. The orc hits you with a +0 club.
Something hits you but does no damage. The orc hits you but does no damage.
Something hits you but does no damage. The orc barely misses you.
The orc wizard closely misses you.
The orc zaps a wand.
Your mind is blasted!
You bump into the rock wall.
The orc wizard hits you but does no damage.
The orc misses you. Something hits you but does no damage.
The orc barely misses you.
You bump into the rock wall.
The orc wizard casts a spell.
The orc wizard flickers and vanishes!
The orc zaps a wand.
You barely resist.
You hear some strange, mumbled words.
A puff of flame appears from out of thin air!
The puff of flame hits you!
* * * LOW HITPOINT WARNING * * *
The orc hits you but does no damage.
You are too confused!
You are too confused!
It was a potion of lignification.
You turn into a tree.
Your +0 robe melds into your body.
Your roots penetrate the ground.
Something hits you but does no damage. The orc hits you but does no damage.
You hear some strange, mumbled words.
A puff of flame appears from out of thin air!
The puff of flame hits you!
You die...

... #.#.##.# ##'## #..# #.#.##.#
##...## #.#.## #.#....# ##.....##
.#..#.. #.#...#######.......##
......######....##...##....<[...#
...............##⌠.<.⌠##........'
##....######...#......)#........#
##.#.# ###..o{.⌠.>.#...)...## #
#.# #.#♣o.....##.....### # #.#
####{.<.⌠####...## # # #.#
#.##...## ##'## # # #.# #.#######
##.##### # #.#
####.......####....... #####.#
#............##..##### ......#
#.##..#.##.#.##...## # #######
#[##..#.##.#.#.....### #
#.##.......#.##†.)....


You could see 2 orcs.

Vanquished Creatures
  A black bear (D:4)
  An ogre (D:3)
  A scorpion (D:4)
  A jelly (D:4)
  2 adders
  3 gnolls
  A white imp (D:3)
  3 dart slugs
  12 orcs
  A bat (D:3)
  4 endoplasms
  A giant cockroach (D:4)
  4 goblins
  3 hobgoblins
  3 quokkas
  6 ball pythons
  A frilled lizard (D:3)
  3 goblin skeletons (D:3)
  A goblin zombie (D:3)
  4 kobolds
  2 kobold zombies (D:3)
  6 rats
64 creatures vanquished.

Notes
Turn   | Place    | Note
-------+----------+-------------------------------------------
     0 | D:1      | jmlagarto the Gargoyle Earth Elementalist began the quest
                  | for the Orb.
     0 | D:1      | Reached XP level 1. HP: 10/10 MP: 3/3
    13 | D:1      | You fall into a shaft and drop 1 floor!
   220 | D:1      | Reached skill level 1 in Transmutations
   220 | D:1      | Reached XP level 2. HP: 15/15 MP: 3/5
   691 | D:1      | Found a faded altar of an unknown god.
  1079 | D:2      | Reached XP level 3. HP: 17/19 MP: 2/6
  1082 | D:2      | Learned a level 2 spell: Passwall
  1086 | D:2      | Learned a level 3 spell: Stone Arrow
  1386 | D:2      | Identified the +9 mace of Dalleum {freeze, Int+3 Stlth+}
  1838 | D:3      | Reached XP level 4. HP: 24/24 MP: 5/7
  1983 | D:3      | Found a glowing golden altar of the Shining One.
  2161 | D:3      | Noticed an ogre
  2166 | D:3      | Killed an ogre
  2167 | D:3      | Reached skill level 1 in Maces & Flails
  2167 | D:3      | Reached XP level 5. HP: 28/28 MP: 3/9
  2670 | D:4      | Noticed a black bear
  2927 | D:4      | Reached XP level 6. HP: 21/32 MP: 7/10
  3161 | D:4      | Killed a black bear
  3875 | D:4      | Killed from afar by an orc wizard

Illustrated notes

Levels and vault maps discovered:
D:1:      dpeg_arrival_water_temple_mockup, layout_basic,
          shapermc_ecumenical_altar_pompeii
D:2:      layout_rooms, kennysheep_potato
D:3:      layout_loops_ring, nicolae_tso_besieged_by_evil
D:4:      layout_loops_corners, grunt_ministairs_7, minmay_starry_boxes

Skill      XL: |  1  2  3  4  5  6 |
---------------+-------------------+-----
Transmutations | 1 2 |  2.3
Dodging        | 2 |  2.8
Earth Magic    | 4 |  4.9
Maces & Flails | 1 2 |  2.0
Stealth        | 3 4 |  4.0
Spellcasting   | 3 |  3.1

Action                   |  1- 3 |  4- 6 || total
-------------------------+-------+-------++-------
Melee: Short sword       |    10 |       ||    10
       Mace              |     1 |    21 ||    22
 Cast: Sandblast         |    36 |    45 ||    81
       Stone Arrow       |       |     1 ||     1
  Use: Scroll            |     1 |     2 ||     3
       Potion            |       |     1 ||     1
 Stab: Sleeping          |     2 |     5 ||     7
Armor: Robe              |     2 |    18 ||    20
       Skin              |       |     2 ||     2
Dodge: Dodged            |     6 |    31 ||    37

Table legend: (Time is in decaauts)
 A = Elapsed time spent in this place.
 B = Non-inter-level travel time spent in this place.
 C = Inter-level travel time spent in this place.
 D = Time resting spent in this place.
 E = Time spent auto-exploring this place.
 F = Levels seen in this place.
 G = Mean time per level.
                   A        B        C        D        E       F      G
               +--------+--------+--------+--------+--------+-----+--------+
         Total |   3883 |   3700 |    183 |      0 |   3258 |   4 |  970.8 |
       Dungeon |   3883 |   3700 |    183 |      0 |   3258 |   4 |  970.8 |
               +--------+--------+--------+--------+--------+-----+--------+

Top non-repeatable levels by time:
     D:3: 1238 daAuts
     D:4: 1010 daAuts
     D:1: 922 daAuts
     D:2: 711 daAuts
